 Dungeon Crawl Stone Soup version 0.20.0-15-g7f486f2 (webtiles) character file.

238 blackwizard the Caller (level 5, -5/48 HPs)
             Began as a Troll Summoner on June 9, 2017.
             Slain by an orc warrior
             ... wielding a +3 trident
              (21 damage)
             ... on level 3 of the Dungeon.
             The game lasted 00:17:04 (2793 turns).

blackwizard the Caller (Troll Summoner)             Turns: 2793, Time: 00:17:05

Health: -5/48      AC:  5    Str: 17    XL:     5   Next: 78%
Magic:  3/7        EV: 10    Int:  9    God:
Gold:   118        SH:  0    Dex: 10    Spells: 5/8 levels left

rFire    . . .     SeeInvis .   i - +0 short sword
rCold    . . .     Gourm    +   (no shield)
rNeg     . . .     Faith    .   a - +0 robe
rPois    .         Spirit   .   (helmet restricted)
rElec    .         Reflect  .   (no cloak)
rCorr    .         Harm     .   (gloves unavailable)
MR       .....                  (boots unavailable)
Stlth    ++........             (no amulet)
Regen    0.6/turn               u - -2 ring of intelligence (curse)
MPRegen  0.1/turn               x - ring of stealth

@: no status effects
A: unfitting armour, claws 3, fast metabolism 3, gourmand, regeneration 1,
shaggy fur 1, tough skin 2
a: no special abilities


You were on level 3 of the Dungeon.
You were not hungry.

You visited 1 branch of the dungeon, and saw 4 of its levels.

You collected 118 gold pieces.

Inventory:

Hand Weapons
 d - a +0 dagger
 i - a +0 short sword (weapon)
 j - a +0 hunting sling
 E - a +0 giant spiked club
Missiles
 e - 165 stones (quivered)
 f - 13 sling bullets
 h - 14 bolts
 B - 13 poisoned needles
 D - 5 javelins
 F - 2 tomahawks
Armour
 a - a +0 robe (worn)
 n - a +0 shield
Jewellery
 u - a cursed -2 ring of intelligence (left claw)
 x - a ring of stealth (right claw)
Wands
 w - a wand of polymorph (4/24)
Scrolls
 g - a scroll of fear {unknown}
 k - a scroll of amnesia {unknown}
 l - 2 scrolls of enchant armour {unknown}
 m - 4 scrolls of recharging {unknown}
 o - 3 scrolls of identify {unknown}
 q - a scroll of magic mapping {unknown}
 s - a scroll of fog {unknown}
 C - a scroll of remove curse {unknown}
Potions
 p - a potion of curing {unknown}
 t - 2 potions of heal wounds {unknown}
 z - 2 potions of haste {unknown}
 A - 2 potions of might {unknown}
Books
 b - a book of Callings

   Spells                             Type                      Level
   a - Summon Small Mammal            Summoning                    1
   b - Call Imp                       Summoning                    2
   c - Call Canine Familiar           Summoning                    3
   d - Summon Guardian Golem          Hexes/Summoning              3
   e - Summon Lightning Spire         Summoning/Air                4
   f - Summon Ice Beast               Ice/Summoning                4
 y - a book of Minor Magic

   Spells                             Type                      Level
   a - Magic Dart                     Conjuration                  1
   b - Blink                          Translocation                2
   c - Call Imp                       Summoning                    2
   d - Slow                           Hexes                        2
   e - Conjure Flame                  Conjuration/Fire             3
   f - Mephitic Cloud                 Conjuration/Poison/Air       3
Comestibles
 c - 4 bread rations
 r - a chunk of flesh
 v - a royal jelly


   Skills:
 + Level 1.2 Fighting
 + Level 1.2 Short Blades
 + Level 2.4 Dodging
 + Level 1.1 Stealth
 + Level 2.0 Spellcasting
 + Level 4.0 Summonings


You had 5 spell levels left.
You knew the following spells:

 Your Spells              Type           Power        Failure   Level  Hunger
a - Summon Small Mammal   Summ           #...         6%          1    ##.....
b - Call Imp              Summ           #.......     10%         2    ###....


Dungeon Overview and Level Annotations

Branches:
Dungeon (4/15)
 Temple: D:4-7

Altars:

Shops:
D:4 :


Innate Abilities, Weirdness & Mutations

You are too large for most types of armour.
You have claws for hands.
Your metabolism is lightning-fast.
You like to eat raw meat.
Your natural rate of healing is unusually fast.
You are covered in fur. (AC +1)
You have very tough skin. (AC +2)


Message History

There is a stone staircase leading down here.
You can't go up here!
You climb downwards.
The orc warrior hits you with an enchanted trident!
There is a stone staircase leading up, spattered with blood here.
The orc warrior hits you with an enchanted trident!
The orc wizard points at you and mumbles some strange words.
The puff of flame hits you!
* * * LOW HITPOINT WARNING * * *
You climb upwards.
There is a stone staircase leading down here.
Casting: Call Imp
Confirm with . or Enter, or press ? or * to list all spells.
A beastly little devil appears in a puff of frigid air.
The orc warrior completely misses you.
Casting: Call Imp
Confirm with . or Enter, or press ? or * to list all spells.
A beastly little devil appears in a puff of flame.
The orc warrior hits you with an enchanted trident!!
You die...

##.#.......######.
#.......)....<....
#...........######
#..........##
#.......####
#......## #..5...#
#..5...# #@o....#
########


You could see an orc warrior, a friendly crimson imp and a friendly white imp.

Vanquished Creatures
  3 adders (D:3)
  2 dart slugs
  2 leopard geckos
  A ball python (D:1)
  2 giant cockroaches
  3 goblins
  3 hobgoblins
  2 jackals
  A bat (D:1)
  3 frilled lizards
  6 kobolds
  5 rats
33 creatures vanquished.

Vanquished Creatures (collateral kills)
  An ogre (D:4)
  An iguana (D:4)
  11 adders
  An ooze (D:3)
  An adder skeleton (D:4)
  A worm (D:2)
  A dart slug (D:2)
  2 leopard geckos (D:3)
  An orc (D:4)
  4 bats
  2 giant cockroaches
  3 goblins
  A hobgoblin (D:3)
  5 jackals
  7 kobolds
  A quokka (D:2)
  A ball python (D:2)
  3 frilled lizards
  3 rats
50 creatures vanquished.

Grand Total: 83 creatures vanquished

Notes
Turn   | Place    | Note
-------+----------+-------------------------------------------
     0 | D:1      | blackwizard the Troll Summoner began the quest for the Orb.
     0 | D:1      | Reached XP level 1. HP: 16/16 MP: 1/1
    84 | D:1      | Reached skill level 3 in Summonings
   287 | D:1      | Reached XP level 2. HP: 13/24 MP: 3/3
   450 | D:1      | Learned a level 2 spell: Call Imp
   932 | D:1      | Reached XP level 3. HP: 28/31 MP: 1/4
  1647 | D:2      | Reached XP level 4. HP: 39/39 MP: 1/5
  2394 | D:3      | Reached XP level 5. HP: 37/46 MP: 2/6
  2525 | D:4      | Noticed an ogre
  2546 | D:4      | Killed an ogre
  2546 | D:4      | Reached skill level 1 in Fighting
  2546 | D:4      | Reached skill level 1 in Short Blades
  2617 | D:4      | Found Qimety's Book Shoppe.
  2657 | D:4      | Reached skill level 4 in Summonings
  2677 | D:4      | Noticed an orc warrior
  2793 | D:3      | Slain by an orc warrior

Skill      XL: |  1  2  3  4  5 |
---------------+----------------+-----
Summonings     | 3 4 |  4.0
Dodging        | 2 |  2.4
Fighting       | 1 |  1.2
Short Blades   | 1 |  1.2
Spellcasting   | 2 |  2.0
Stealth        | |  1.1

Action                   |  1- 3 |  4- 6 || total
-------------------------+-------+-------++-------
Melee: Dagger            |    49 |       ||    49
       Short sword       |    86 |    85 ||   171
 Cast: Summon Small Mamm |    13 |       ||    13
       Call Imp          |    28 |    36 ||    64
  Eat: Chunk             |    11 |    14 ||    25
       Bread ration      |     1 |       ||     1
Armor: Robe              |   181 |    47 ||   228
Dodge: Dodged            |   240 |    67 ||   307
